 Dungeon Crawl Stone Soup version 0.22-a0-512-g0943f25 (webtiles) character file.

4468 Mgcat the Cleaver (level 10, -14/70 HPs)
             Began as a Human Fighter on June 18, 2018.
             Was a Believer of Makhleb.
             Demolished by an orc warrior
             ... wielding a +0 spear
              (20 damage)
             ... in a bailey.
             The game lasted 00:23:11 (9030 turns).

Mgcat the Cleaver (Human Fighter)                   Turns: 9030, Time: 00:23:12

Health: -14/70     AC: 14    Str: 20 (21) XL:     10   Next: 64%
Magic:  12/12      EV: 10    Int: 10 (13) God:    Makhleb [**....]
Gold:   614        SH:  4    Dex: 10 (12) Spells: 9/9 levels left

rFire    . . .     SeeInvis .   A - +5 war axe (freeze)
rCold    . . .     Gourm    .   B - +0 buckler
rNeg     . . .     Faith    .   r - +0 chain mail
rPois    .         Spirit   .   i - +2 helmet
rElec    .         Reflect  .   (no cloak)
rCorr    .         Harm     .   (no gloves)
MR       .....                  p - +1 pair of boots
Stlth    ..........             h - amulet of inaccuracy (curse)
HPRegen  0.21/turn              s - +3 ring of evasion
MPRegen  0.13/turn              y - +3 ring of slaying

@: brilliant, flying (expiring)
A: no striking features
a: Minor Destruction, Renounce Religion


You were in a bailey.
You worshipped Makhleb.
Makhleb was pleased with you.
You were hungry.

You visited 1 branch of the dungeon, and saw 9 of its levels.
You also visited: Bailey.

You collected 614 gold pieces.

Inventory:

Hand Weapons
 A - a +5 war axe of freezing (weapon)
   (You took it off a wight on level 6 of the Dungeon)
Missiles
 b - 5 curare-tipped needles
Armour
 c - a +0 shield
 i - a +2 helmet (worn)
   (You found it on level 1 of the Dungeon)
 p - a +1 pair of boots (worn)
   (You found it on level 3 of the Dungeon)
 r - a +0 chain mail (worn)
   (You found it on level 2 of the Dungeon)
 B - a +0 buckler (worn)
   (You found it on level 8 of the Dungeon)
Jewellery
 h - a cursed amulet of inaccuracy (around neck)
   (You found it on level 7 of the Dungeon)
 l - an uncursed ring of magical power {MP+9}
   (You found it on level 4 of the Dungeon)
 s - a +3 ring of evasion (left hand)
   (You took it off a kobold on level 2 of the Dungeon)
 t - an uncursed ring of ice {rC+, rF-}
   (You found it on level 3 of the Dungeon)
 y - a +3 ring of slaying (right hand)
   (You took it off a wight on level 6 of the Dungeon)
Wands
 j - a wand of enslavement (13)
   (You found it on level 8 of the Dungeon)
 o - a wand of flame (74)
   (You found it on level 5 of the Dungeon)
 w - a wand of scattershot (3)
   (You found it on level 6 of the Dungeon)
Scrolls
 d - 6 scrolls of identify
 m - 2 scrolls of amnesia
Potions
 g - a potion of lignification {!q}
 n - a potion of resistance
 u - 2 potions of flight
Comestibles
 a - 7 chunks of flesh {@w0}
 f - 17 rations


   Skills:
 - Level 3.0 Fighting
 - Level 14.0 Axes
 - Level 3.0 Armour
 - Level 3.0 Shields
 + Level 3.2 Invocations


You had 9 spell levels left.
You didn't know any spells.
Your spell library was empty.

Dungeon Overview and Level Annotations

Branches:
Dungeon (9/15)             Temple (0/1) D:4             Orc (0/2) D:9
   Lair: D:8-11

Altars:
Kikubaaqudgha
Makhleb
Nemelex Xobeh
Qazlal
Trog
Uskayaw
Xom
Yredelemnul

Annotations:
D:4 3 runed doors, Nib's ghost, novice GnIE; ThereIsNoGod's ghost, amateur DrTm
D:5 1 transporter
D:8 1 runed door, Jaskook's ghost, novice TrWz


Message History

No target in view!
No target in view!
No target in view!
Things that are here:
a trident; a chain mail; an orc corpse You butcher the orc corpse.
a - 15 chunks of flesh {@w0} (gained 3)
Things that are here:
a trident; a chain mail; an orc skeleton
Things that are here:
a trident; a chain mail; an orc skeleton
There is an open door here.
Key pressed, stopping explore.
There is an open gate here.
e - 3 scrolls labeled SOPLARGHEUSE You open the door. 3 orc warriors and an orc knight come into view.
The orc warrior shouts!
The orc knight shouts!
The orc warrior shouts!
Unknown command.
Unknown command.
Unknown command.
There is an open gate here.
The orc knight roars a battlecry!
The orc warriors go into a battle-frenzy!
It was a potion of magic.
Magic courses through your body. You block the orc warrior's attack.
It was a potion of brilliance.
You feel clever all of a sudden. The orc warrior misses you.
It was a potion of degeneration.
There was something very wrong with that liquid.
You feel weakened.
You feel dopey.
You feel clumsy.
The orc warrior hits you from afar with a spear.
Okay, then.
Okay, then.
Okay, then.
Press: ? - help, Shift-Dir - straight line, f - orc knight
Aim: an orc knight, wielding a glaive and wearing a crystal plate armour The puff of flame hits the orc warrior.
The orc warrior is lightly wounded.
The orc warrior hits you from afar with a spear!
The orc warrior no longer looks unusually strong.
You block the orc warrior's attack.
Okay, then.
Okay, then.
Okay, then.
As you read the scroll labeled SOPLARGHEUSE, it crumbles to dust.
It is a scroll of enchant weapon.
Your +2 war axe of freezing glows red for a moment.
The orc knight roars a battlecry!
The orc warrior goes into a battle-frenzy!
As you read the scroll of enchant weapon, it crumbles to dust.
Your +3 war axe of freezing glows red for a moment.
The orc warrior no longer looks unusually strong.
As you read the scroll of enchant weapon, it crumbles to dust.
Your +4 war axe of freezing glows red for a moment.
The orc knight hits you with a glaive!
The orc warrior hits you from afar with a trident!
You miss the orc knight. The orc warrior closely misses you.
The orc knight hits you with a glaive! The orc warrior closely misses you.
You slice the orc knight!! You freeze the orc knight.
The orc knight is moderately wounded.
The orc warrior hits you from afar with a trident!
* * * LOW HITPOINT WARNING * * *
The orc knight hits you but does no damage.
The orc knight roars a battlecry!
The orc warrior goes into a battle-frenzy!
Okay, then.
The orc knight roars a battlecry!
The orc warrior goes into a battle-frenzy!
You are feeling hungry.
The orc warrior no longer looks unusually strong.
The orc knight roars a battlecry!
The orc warrior goes into a battle-frenzy!
Some of the chunks of flesh in your inventory have rotted away.
Things that are here:
an arbalest; 13 bolts; a scale mail You feel very buoyant.
You fly up into the air.
The orc warrior no longer looks unusually strong.
Really fly into that permanent teleport trap?
You enter a permanent teleport trap!
Your surroundings suddenly seem different.
The orc warrior no longer looks unusually strong.
The orc knight roars a battlecry!
The orc warriors go into a battle-frenzy!
The orc warrior hits you from afar with a spear!
* * * LOW HITPOINT WARNING * * *
Some of the chunks of flesh in your inventory have rotted away.
The orc warrior hits you from afar with a spear!
* * * LOW HITPOINT WARNING * * *
Okay, then.
Okay, then.
Unknown command.
Unknown command.
Okay, then.
There is a gate leading back out of this place here.
You are starting to lose your buoyancy.
The orc warrior hits you from afar with a spear!!
You die...

....≈##.##≈......#
....≈≈#)#≈≈......#
.....≈≈≈≈≈.......#
.................#
.................#
.................#
..(..............#
..(..........oo..#
(............oo.@#
##################


You could see an orc knight and 3 orc warriors.

Vanquished Creatures
  Pikel (D:6)
  Grinder (D:3)
  Prince Ribbit (D:7)
  2 dream sheep (D:8)
  2 yaks (D:8)
  Edmund (D:4)
  Duvessa (D:6)
  A phantom (D:7)
  6 orc warriors (Bailey)
  A black bear (D:8)
  An ice beast (D:7)
  A slave (D:6)
  2 ogres
  A centaur (D:8)
  2 big kobolds (D:8)
  3 bullfrogs (D:6)
  A wyvern zombie (D:6)
  Dowan (D:6)
  2 scorpions
  A water moccasin skeleton (D:6)
  4 wights (D:6)
  3 howler monkeys (D:7)
  2 crimson imps (D:7)
  3 jellies (D:7)
  3 hounds
  2 orc priests
  An orc wizard (D:6)
  A bullfrog skeleton (D:7)
  4 worker ants
  2 iguanas
  A killer bee zombie (D:8)
  7 adders
  2 shadow imps
  An ooze (D:5)
  2 adder zombies
  2 worms
  2 dart slugs
  7 leopard geckos
  34 orcs
  10 bats
  4 giant cockroaches
  9 goblins
  11 hobgoblins
  12 jackals
  7 kobolds
  5 quokkas
  A ball python (D:2)
  A frilled lizard (D:3)
  A jackal skeleton (D:6)
  2 leopard gecko skeletons
  2 quokka skeletons
  A quokka zombie (D:8)
  17 rats
198 creatures vanquished.

Vanquished Creatures (others)
  A wight (D:6)
  A hound (D:6)
  A leopard gecko (D:6)
  An orc (Bailey)
  A jackal (D:6)
  15 fungi (D:6)
  7 withered plants
27 creatures vanquished.

Grand Total: 225 creatures vanquished

Notes
Turn   | Place    | Note
-------+----------+-------------------------------------------
     0 | D:1      | Mgcat the Human Fighter began the quest for the Orb.
     0 | D:1      | Reached XP level 1. HP: 18/18 MP: 1/1
   146 | D:1      | Reached XP level 2. HP: 8/24 MP: 2/2
   327 | D:1      | Reached skill level 3 in Axes
   437 | D:1      | Reached XP level 3. HP: 25/29 MP: 3/3
   957 | D:2      | Reached skill level 4 in Axes
   957 | D:2      | Reached XP level 4. HP: 27/35 MP: 4/4
  1122 | D:2      | Found a shimmering altar of Xom.
  1124 | D:2      | Found a shimmering altar of Xom.
  1125 | D:2      | You fall through a shaft for 2 floors!
  1126 | D:4      | Found a runed gate.
  1142 | D:4      | Found a runed gate.
  1142 | D:4      | Found a runed gate.
  1142 | D:4      | Noticed Nib's ghost (novice GnIE)
  1142 | D:4      | Noticed ThereIsNoGod's ghost (amateur DrTm)
  1194 | D:3      | Reached XP level 5. HP: 41/41 MP: 5/5
  1260 | D:3      | Noticed Grinder
  1273 | D:3      | Paralysed by Grinder for 2 turns
  1280 | D:3      | Killed Grinder
  1280 | D:3      | Reached skill level 6 in Axes
  1280 | D:3      | Reached XP level 6. HP: 23/47 MP: 6/6
  1988 | D:2      | Found a shimmering altar of Xom.
  2557 | D:4      | Found a burning altar of Makhleb.
  2563 | D:4      | Reached skill level 7 in Axes
  2563 | D:4      | Reached XP level 7. HP: 52/52 MP: 7/7
  2573 | D:4      | Became a worshipper of Makhleb the Destroyer
  2669 | D:4      | Found a stormy altar of Qazlal.
  2685 | D:4      | Noticed Edmund
  2705 | D:4      | Killed Edmund
  3124 | D:4      | Found a staircase to the Ecumenical Temple.
  3301 | D:5      | Entered Level 5 of the Dungeon
  3342 | D:5      | Reached skill level 8 in Axes
  3469 | D:5      | Found a sparkling altar of Nemelex Xobeh.
  3469 | D:5      | Found a transporter.
  3470 | D:5      | Noticed an efreet
  4147 | D:6      | Noticed Dowan
  4151 | D:6      | Noticed Duvessa
  4162 | D:6      | Killed Duvessa
  4175 | D:6      | Killed Dowan
  4175 | D:6      | Reached XP level 8. HP: 45/58 MP: 8/8
  4249 | D:6      | Noticed Pikel
  4270 | D:6      | Reached skill level 9 in Axes
  4289 | D:6      | HP: 4/58 [Pikel/whip of electrocution (20)]
  4786 | D:6      | Reached * piety under Makhleb
  5030 | D:6      | Killed Pikel
  5030 | D:6      | Reached skill level 11 in Axes
  5030 | D:6      | Reached XP level 9. HP: 47/63 MP: 9/9
  5174 | D:6      | HP: 13/63 [wyvern zombie (9)]
  5872 | D:7      | Reached skill level 12 in Axes
  6745 | D:8      | Noticed Prince Ribbit
  6812 | D:7      | Killed Prince Ribbit
  6927 | D:8      | HP: 13/63 [ogre/giant club (15)]
  6928 | D:8      | Reached XP level 10. HP: 20/70 MP: 10/10
  6931 | D:8      | Reached ** piety under Makhleb
  7246 | D:8      | Found a bloodstained altar of Trog.
  7254 | D:8      | Found an ancient bone altar of Kikubaaqudgha.
  7262 | D:8      | Found a hide-covered altar of Uskayaw.
  7262 | D:8      | Found a sparkling altar of Nemelex Xobeh.
  7263 | D:8      | Found a basalt altar of Yredelemnul.
  7267 | D:8      | Reached skill level 13 in Axes
  7327 | D:8      | HP: 8/70 [yak (18)]
  7332 | D:8      | HP: 9/105 [yak (4)]
  7495 | D:8      | Noticed a two-headed hydra
  7687 | D:8      | Found a runed door.
  7688 | D:8      | Noticed Jaskook's ghost (novice TrWz)
  8101 | D:9      | Found a flagged portal.
  8121 | Bailey   | Entered a bailey
  8239 | Bailey   | HP: 14/70 [orc warrior (9)]
  8245 | Bailey   | Reached skill level 14 in Axes
  8499 | Bailey   | Reached skill level 1 in Invocations
  8728 | Bailey   | Reached skill level 2 in Invocations
  8916 | Bailey   | Reached skill level 3 in Invocations
  8958 | Bailey   | Noticed an orc knight
  8984 | Bailey   | HP: 13/70 [orc warrior/trident (10)]
  9021 | Bailey   | HP: 12/70 [orc warrior/spear (9)]
  9022 | Bailey   | HP: 4/70 [orc warrior/spear (8)]
  9030 | Bailey   | Demolished by an orc warrior

Vault maps used:
D:1:      nicolae_arrival_washed_ashore
D:2:      xom_redecorated
D:3:      uniq_grinder
D:4:      kennysheep_little_box, minmay_temple_entry_poolview,
          gammafunk_ghost_cemetery, first_ration, grunt_qazlal_clouds,
          uniq_edmund
D:5:      grunt_nemelex_the_gamble
D:6:      minmay_gold_behind_fungi, uniq_duvessa, uniq_pikel
D:8:      minitemple, gammafunk_ghost_grave, hangedman_ranch,
          uniq_prince_ribbit1
D:9:      minmay_orc_entry_guard_dogs, enter_bailey_3
Bailey:   bailey_polearm_2, bailey

Skill      XL: |  1  2  3  4  5  6  7  8  9 10 |
---------------+-------------------------------+-----
Axes           | 3 4 6 7 8 11 12 14 | 14.0
Invocations    | 3 |  3.2
Fighting       | |  3.0
Armour         | |  3.0
Shields        | |  3.0

Action                   |  1- 3 |  4- 6 |  7- 9 | 10-12 || total
-------------------------+-------+-------+-------+-------++-------
Melee: War axe           |   124 |   166 |   367 |   183 ||   840
Invok: Minor Destruction |       |       |       |    11 ||    11
  Use: Potion            |       |     1 |     6 |    13 ||    20
       Scroll            |       |       |    13 |     4 ||    17
  Eat: Chunk             |       |     6 |    12 |     5 ||    23
       Ration            |       |       |     1 |       ||     1
Armor: Scale mail        |    87 |    67 |       |       ||   154
       Chain mail        |       |    18 |   155 |    88 ||   261
       Skin              |       |       |       |     9 ||     9
Dodge: Dodged            |    41 |    38 |   127 |   116 ||   322
Block: Shield            |    79 |    78 |   156 |    19 ||   332
       Buckler           |       |       |       |    43 ||    43

Table legend:
 A = Spawn XP
 B = Non-spawn XP
 C = Spawn XP percentage of total XP
 D = Spawn monster count
 E = Non-spawn monster count
 F = Spawn count percentage of total count
 G = Total turns spent on level
                    A         B        C        D         E        F      G
               +---------+---------+-------+---------+---------+-------+---------
         Total |       0 |    6383 |   0.0 |       0 |     198 |   0.0 |  9030
               +---------+---------+-------+---------+---------+-------+---------
           D:1 |       0 |      45 |   0.0 |       0 |      25 |   0.0 |   810
           D:2 |       0 |      97 |   0.0 |       0 |      35 |   0.0 |   626
           D:3 |       0 |     360 |   0.0 |       0 |      18 |   0.0 |  1036
           D:4 |       0 |     324 |   0.0 |       0 |      18 |   0.0 |   829
           D:5 |       0 |      29 |   0.0 |       0 |       8 |   0.0 |  1145
           D:6 |       0 |    1966 |   0.0 |       0 |      31 |   0.0 |  1307
           D:7 |       0 |    1027 |   0.0 |       0 |      20 |   0.0 |  1293
           D:8 |       0 |    1681 |   0.0 |       0 |      18 |   0.0 |  1048
           D:9 |       0 |       7 |   0.0 |       0 |       4 |   0.0 |    27
        Bailey |       0 |     847 |   0.0 |       0 |      21 |   0.0 |   909
               +---------+---------+-------+---------+---------+-------+---------

Vault maps used:
D:1:      nicolae_arrival_washed_ashore
D:2:      xom_redecorated
D:3:      uniq_grinder
D:4:      kennysheep_little_box, minmay_temple_entry_poolview,
          gammafunk_ghost_cemetery, first_ration, grunt_qazlal_clouds,
          uniq_edmund
D:5:      grunt_nemelex_the_gamble
D:6:      minmay_gold_behind_fungi, uniq_duvessa, uniq_pikel
D:8:      minitemple, gammafunk_ghost_grave, hangedman_ranch,
          uniq_prince_ribbit1
D:9:      minmay_orc_entry_guard_dogs, enter_bailey_3
Bailey:   bailey_polearm_2, bailey

Table legend:
 A = Turns spent in this place as a percentage of turns spent in the entire game.
 B = Non-inter-level travel turns spent in this place as a percentage of non-inter-level travel turns spent in the entire game.
 C = Inter-level travel turns spent in this place as a percentage of turns spent in this place.
 D = Turns resting spent in this place as a percentage of non-inter-level travel turns spent in this place.
 E = Turns spent auto-exploring this place as a percentage of non-inter-level travel turns spent in this place.
 F = Non-inter-level travel turns spent in this place divided by the number of levels of this place that you've seen.
                   A       B       C       D       E      F
               +-------+-------+-------+-------+-------+----------------------
         Total | 100.0 | 100.0 |   4.2 |   6.1 |  71.6 | 865.5
       Dungeon |  89.9 |  89.5 |   4.6 |   6.1 |  73.4 | 860.7
        Bailey |  10.1 |  10.5 |   0.0 |   6.6 |  56.5 | 909.0
               +-------+-------+-------+-------+-------+----------------------

Table legend:
 A = Kills in this place as a percentage of kills in entire the game.
 B = Kills by you in this place as a percentage of kills by you in the entire game.
 C = Kills by friends in this place as a percentage of kills by friends in the entire game.
 D = Other kills in this place as a percentage of other kills in the entire game.
 E = Experience gained in this place as a percentage of experience gained in the entire game.
 F = Experience gained in this place divided by the number of levels of this place that you have seen.
                   A       B       C       D       E      F
               +-------+-------+-------+-------+-------+----------------------
         Total | 100.0 | 100.0 |   N/A | 100.0 | 100.0 | 638.3
       Dungeon |  89.4 |  89.3 |   N/A | 100.0 |  86.7 | 615.1
        Bailey |  10.6 |  10.7 |   N/A |   0.0 |  13.3 | 847.0
               +-------+-------+-------+-------+-------+----------------------
